 Dungeon Crawl Stone Soup version 0.19-b1-4-gd8a0a2a (webtiles) character file.

163 Mesmaeker13 the Conjurer (level 5, -3/35 HPs)
             Began as a Demonspawn Conjurer on Oct 30, 2016.
             Was an Initiate of Sif Muna.
             Killed from afar by vev's ghost (5 damage)
             ... with a magic dart
             ... on level 4 of the Dungeon.
             The game lasted 00:10:22 (5068 turns).

Mesmaeker13 the Conjurer (Demonspawn Conjurer)      Turns: 5068, Time: 00:10:23

Health: -3/35      AC:  4    Str:  8    XL:     5   Next: 20%
Magic:  0/10       EV: 12    Int: 17    God:    Sif Muna [......]
Gold:   81         SH:  0    Dex: 14    Spells: 3 memorised, 5 levels left

rFire  + . .     SeeInvis .     v - +0 short sword
rCold  . . .     Gourm    .     a - +0 robe
rNeg   . . .     Faith    .     (no shield)
rPois  .         Spirit   +     q - +1 helmet
rElec  .         Reflect  .     (no cloak)
rCorr  .         Harm     .     (no gloves)
MR     .....                    (no boots)
Stlth  +.........               (no amulet)
                                (no ring)
                                (no ring)

@: confused, flying
A: claws 1, fire resistance 1, magic shield
a: Renounce Religion


You were on level 4 of the Dungeon.
You worshipped Sif Muna.
Sif Muna was noncommittal.
You were not hungry.

You visited 1 branch of the dungeon, and saw 4 of its levels.

You collected 81 gold pieces.

Inventory:

Hand Weapons
 v - a +0 short sword (weapon)
Missiles
 w - 87 stones (quivered)
Armour
 a - a +0 robe (worn)
 q - a +1 helmet (worn)
 s - a +0 buckler
Jewellery
 C - a cursed ring of teleportation {unknown}
Scrolls
 d - a scroll of teleportation {unknown}
 f - a scroll of recharging
 h - 2 scrolls of fog {unknown}
 l - a scroll of noise {unknown}
 o - 2 scrolls of remove curse
 r - a scroll of magic mapping
 y - a scroll of immolation {unknown}
 B - a scroll of enchant weapon {unknown}
 D - a scroll of random uselessness {unknown}
Potions
 c - 3 potions of beneficial mutation {unknown}
 e - a potion of lignification {unknown}
 j - a potion of brilliance {unknown}
 k - a potion of cancellation
 n - a potion of heal wounds {unknown}
 t - a potion of cure mutation {unknown}
 z - a potion of berserk rage
 A - a potion of degeneration {unknown}
Books
 b - a book of Conjurations

   Spells                             Type                      Level
   a - Magic Dart                     Conjuration                  1
   b - Searing Ray                    Conjuration                  2
   c - Dazzling Spray                 Conjuration/Hexes            3
   d - Fulminant Prism                Conjuration/Hexes            4
   e - Iskenderun's Mystic Blast      Conjuration                  4
   f - Iskenderun's Battlesphere      Conjuration/Charms           5
 g - a book of Cantrips

   Spells                             Type                      Level
   a - Confusing Touch                Hexes                        1
   b - Animate Skeleton               Necromancy                   1
   c - Summon Small Mammal            Summoning                    1
   d - Apportation                    Translocation                1
 u - a book of Maledictions

   Spells                             Type                      Level
   a - Corona                         Hexes                        1
   b - Ensorcelled Hibernation        Hexes/Ice                    2
   c - Confuse                        Hexes                        3
   d - Tukima's Dance                 Hexes                        3
   e - Dazzling Spray                 Conjuration/Hexes            3
Comestibles
 p - a royal jelly
 x - 11 fruits
 E - 2 chunks of flesh


   Skills:
 + Level 0.2 Fighting
 - Level 1.7 Dodging
 - Level 1.7 Stealth
 + Level 3.5 Spellcasting
 + Level 5.6 Conjurations


You had 5 spell levels left.
You knew the following spells:

 Your Spells              Type           Power        Failure   Level  Hunger
a - Magic Dart            Conj           ###.         1%          1    None
b - Searing Ray           Conj           ###...       2%          2    ##.....
c - Dazzling Spray        Conj/Hex       ##....       17%         3    ###....


Dungeon Overview and Level Annotations

Branches:
Dungeon (4/15)
 Temple: D:4-7

Altars:
Fedhas
Gozag
Sif Muna
Trog

Annotations:
D:3 p0werm0de's ghost, amateur DsAs
D:4 vev's ghost, amateur SpCj


Innate Abilities, Weirdness & Mutations

You have sharp fingernails.
Your flesh is heat resistant. (rF+)
When hurt, damage is shared between your health and your magic reserves.


Message History

Vev's ghost lets out a mournful wail.
Vev's ghost points at you and mumbles some strange words.
The spray of energy misses you. Vev's ghost hits you.
Okay, then.
Okay, then.
Vev's ghost points at you and mumbles some strange words.
The spray of energy misses you.
Vev's ghost points at you and mumbles some strange words.
The magic dart hits you!
* * * LOW HITPOINT WARNING * * *
You feel better. Vev's ghost casts a spell at you.
The spray of energy hits you!
* * * LOW HITPOINT WARNING * * *
You are confused.
Found 31 stones.
Vev's ghost casts a spell at you. The magic dart hits you!
You die...

.....# #.##.#### ######
.....## #.#### ......#
#.# ###...# #.# #...###.#
*## ###...##.## ##.##
......#...#####...######*
###.....#.....W.#..(....*
#..##...#####.@.#***,**
#...##.## ##.##,,,<,*
#.####.# #.#****,**
#.#**#.# #.# *,* #.#,,#.#
#.# *,* #.#,*#.#* *#.#*
*,* #.#,*...*****...**
*,* #.#,,.#.,,,,,.#.,*
*,* #.#,*,,,*****,,,**
*,*


You could see vev's ghost.

Vanquished Creatures
  3 adders (D:2)
  4 gnolls
  An ooze (D:1)
  2 worms (D:2)
  2 dart slugs
  3 leopard geckos
  2 orcs
  6 giant cockroaches
  12 goblins
  14 hobgoblins
  2 jackals (D:2)
  3 kobolds
  3 quokkas
  A ball python (D:2)
  5 bats
  2 frilled lizards (D:1)
  A jackal skeleton (D:4)
  6 rats
72 creatures vanquished.

Notes
Turn   | Place    | Note
-------+----------+-------------------------------------------
     0 | D:1      | Mesmaeker13 the Demonspawn Conjurer began the quest for the Orb.
     0 | D:1      | Reached XP level 1. HP: 13/13 MP: 3/3
   551 | D:1      | Gained mutation: Your flesh is heat resistant. (rF+) [demonic ancestry]
   551 | D:1      | Reached XP level 2. HP: 17/19 MP: 1/5
  1448 | D:2      | Gained mutation: You have sharp fingernails. [demonic ancestry]
  1448 | D:2      | Reached XP level 3. HP: 22/24 MP: 0/6
  3142 | D:2      | Learned a level 2 spell: Searing Ray
  3619 | D:2      | Reached skill level 5 in Conjurations
  3619 | D:2      | Reached XP level 4. HP: 24/30 MP: 4/8
  4475 | D:2      | Learned a level 3 spell: Dazzling Spray
  4623 | D:3      | Noticed p0werm0de's ghost (amateur DsAs)
  4645 | D:4      | Found a bloodstained altar of Trog.
  4651 | D:4      | Found an opulent altar of Gozag.
  4655 | D:4      | Gained mutation: When hurt, damage is shared between your health and your magic reserves. [demonic ancestry]
  4655 | D:4      | Reached XP level 5. HP: 35/35 MP: 8/10
  4668 | D:4      | Found a faded altar of an unknown god.
  4668 | D:4      | Found a blossoming altar of Fedhas.
  4673 | D:4      | Found a faded altar of an unknown god.
  4675 | D:4      | Found a faded altar of an unknown god.
  4677 | D:4      | Found a deep blue altar of Sif Muna.
  4716 | D:4      | Became a worshipper of Sif Muna the Loreminder
  5036 | D:4      | Noticed vev's ghost (amateur SpCj)
  5068 | D:4      | Killed from afar by vev's ghost

Skill      XL: |  1  2  3 |
---------------+----------+-----
Spellcasting   | 3 |  3.5
Conjurations   | 5 |  5.6
Fighting       | |  0.2
Dodging        | |  1.7
Stealth        | |  1.7

Action                   |  1- 3 |  4- 6 || total
-------------------------+-------+-------++-------
Melee: Club              |    52 |       ||    52
       Short sword       |       |    33 ||    33
 Cast: Magic Dart        |    81 |    42 ||   123
       Searing Ray       |     2 |     5 ||     7
  Use: Scroll            |     8 |     2 ||    10
       Potion            |     3 |     4 ||     7
  Eat: Bread ration      |     2 |       ||     2
       Chunk             |       |     5 ||     5
Armor: Robe              |    21 |    14 ||    35
Dodge: Dodged            |    84 |    34 ||   118
